 Dungeon Crawl Stone Soup version 0.16.2-12-gd0ad4c3 (webtiles) character file.

695 faibistes the Thaumaturge (level 7, -4/40 HPs)
             Began as a Deep Elf Wizard on Apr 14, 2019.
             Slain by a phantom (10 damage)
             ... on level 7 of the Dungeon.
             The game lasted 00:11:33 (4869 turns).

faibistes the Thaumaturge (Deep Elf Wizard)         Turns: 4869, Time: 00:11:33

Health: -4/40      AC:  3    Str:  4    XL:     7   Next: 37%
Magic:  16/26      EV: 14    Int: 29    God:
Gold:   170        SH:  0    Dex: 13    Spells: 6 memorised, 9 levels left

rFire  . . .     SeeInvis .     w - +3 short sword (elec)
rCold  . . .     Clarity  .     a - +0 robe (curse)
rNeg   . . .     SustAb   .     (no shield)
rPois  .         Gourm    .     b - +1 hat
rElec  .         Spirit   .     (no cloak)
rCorr  .         Warding  .     (no gloves)
rMut   .         Stasis   .     (no boots)
MR     .....                    (no amulet)
Stlth  ++........               (no ring)
                                l - +4 ring of intelligence

@: repel missiles, not resistant to hostile enchantments, unstealthy
A: no striking features
a: no special abilities


You were on level 7 of the Dungeon.
You were not hungry.

You visited 1 branch of the dungeon, and saw 7 of its levels.
You also visited: Ossuary.

You collected 233 gold pieces.
You spent 63 gold pieces at shops.

Inventory:

Hand weapons
 e - a cursed +0 short sword
 f - a +2 short sword of freezing
 w - a +3 short sword of electrocution (weapon)
Armour
 a - a cursed +0 robe (worn)
 b - a +1 hat (worn)
Jewellery
 l - a +4 ring of intelligence (left hand)
Magical devices
 s - a wand of hasting (5)
Scrolls
 m - a scroll of identify
 o - 4 scrolls of amnesia
 p - a scroll of remove curse
 q - a scroll of enchant weapon
 r - a scroll of brand weapon {unknown}
 t - a scroll of blinking {unknown}
 v - a scroll of enchant armour
 x - 2 scrolls of magic mapping {unknown}
 y - a scroll of immolation
Potions
 g - a potion of haste {unknown}
 i - 2 potions of resistance {unknown}
 k - a potion of cure mutation {unknown}
 n - 4 potions of curing
 u - a potion of ambrosia {unknown}
 z - a potion of poison {unknown}
Books
 c - a book of Minor Magic

   Spells                             Type                      Level
   a - Magic Dart                     Conjuration                  1
   b - Blink                          Translocation                2
   c - Call Imp                       Summoning                    2
   d - Repel Missiles                 Charms/Air                   2
   e - Slow                           Hexes                        2
   f - Conjure Flame                  Conjuration/Fire             3
   g - Mephitic Cloud                 Conjuration/Poison/Air       3
Comestibles
 d - 2 bread rations
 h - a royal jelly
 j - 5 meat rations


   Skills:
 * Level 2.8 Fighting
 + Level 4.4 Dodging
 - Level 2.4 Stealth
 * Level 8.1 Spellcasting
 - Level 3.6 Conjurations
 - Level 1.1 Summonings
 - Level 2.0 Translocations


You had 9 spell levels left.
You knew the following spells:

 Your Spells              Type           Power        Failure   Level  Hunger
a - Magic Dart            Conj           ####         1%          1    None
b - Conjure Flame         Conj/Fire      ###.....     10%         3    None
c - Call Imp              Summ           ###.....     4%          2    None
d - Blink                 Tloc           N/A          2%          2    None
e - Mephitic Cloud        Conj/Pois/Air  ###.....     10%         3    None
f - Repel Missiles        Chrm/Air       ##....       10%         2    None


Dungeon Overview and Level Annotations

Branches:
Dungeon (7/15)
 Temple: D:4-7

Altars:
Fedhas
Gozag

Shops:
D:5 *


Message History

The jackal closely misses you. x3
The phantom hits you!
Casting: Magic Dart
Confirm with . or Enter, or press ? or * to list all spells.
Aiming: Magic Dart
Press: ? - help, Shift-Dir - straight line, f/p - phantom
Aim: a phantom (lightly damaged)
The magic dart hits the phantom.
The phantom is moderately damaged.
The jackal bites you.
* * * LOW HITPOINT WARNING * * *
The jackal bites you.
* * * LOW HITPOINT WARNING * * *
The phantom misses you. The jackal misses you.
The jackal bites you but does no damage.
The jackal barely misses you. The jackal bites you.
* * * LOW HITPOINT WARNING * * *
The phantom hits you!
You die...

..# .##..#
#...... #.....!
###...#.###
..........
.........## #
...........#.....
........@W....#
..#.....hh.#..#
.............
#......#..##...
#...#.# ... ##
..... ...# ....
.... ..# #..#


You could see a phantom and 2 jackals.

Vanquished Creatures
  An ice beast (D:5)
  A giant frog (D:3)
  2 elf zombies (D:5)
  2 elf skeletons (D:5)
  An orc priest (D:3)
  Natasha (thrice) (D:3)
  A human skeleton (D:5)
  A worker ant (D:5)
  2 mummies (Ossuary)
  3 adders
  4 worms (D:2)
  An adder skeleton (D:4)
  An ooze (D:1)
  4 orcs (D:3)
  2 ball pythons
  A bat skeleton (D:4)
  3 giant cockroaches
  8 hobgoblins
  5 jackals
  9 kobolds
  6 bats
  2 giant geckos
  6 giant newts
  3 gnoll skeletons (Ossuary)
  3 gnoll zombies (Ossuary)
  7 goblins
  3 goblin skeletons (Ossuary)
  3 goblin zombies (Ossuary)
  3 hobgoblin skeletons (Ossuary)
  A hobgoblin zombie (Ossuary)
  A kobold skeleton (Ossuary)
  2 kobold zombies (Ossuary)
  6 orc skeletons
  2 orc zombies (Ossuary)
  13 rats
  2 rat skeletons (Ossuary)
  3 rat zombies (Ossuary)
121 creatures vanquished.

Vanquished Creatures (collateral kills)
  A worm (D:2)
1 creature vanquished.

Vanquished Creatures (others)
  Menkaure (Ossuary)
  A mummy (Ossuary)
  A white imp (D:2)
  A gnoll skeleton (Ossuary)
  A goblin skeleton (Ossuary)
  2 goblin zombies (Ossuary)
  A hobgoblin skeleton (Ossuary)
  A hobgoblin zombie (Ossuary)
  4 kobold skeletons (Ossuary)
  3 kobold zombies (Ossuary)
  An orc skeleton (Ossuary)
  2 orc zombies (Ossuary)
  3 rat zombies (Ossuary)
22 creatures vanquished.

Grand Total: 144 creatures vanquished

Notes
Turn   | Place    | Note
--------------------------------------------------------------
     0 | D:1      | faibistes, the Deep Elf Wizard, began the quest for the Orb.
     0 | D:1      | Reached XP level 1. HP: 10/10 MP: 6/6
   250 | D:2      | Reached XP level 2. HP: 15/15 MP: 5/10
   343 | D:2      | Learned a level 2 spell: Blink
   346 | D:2      | Learned a level 2 spell: Call Imp
   524 | D:2      | Reached skill level 5 in Spellcasting
   785 | D:1      | Reached XP level 3. HP: 17/19 MP: 12/14
   791 | D:1      | Learned a level 3 spell: Conjure Flame
   795 | D:1      | Learned a level 3 spell: Mephitic Cloud
  1884 | D:2      | Learned a level 2 spell: Repel Missiles
  1924 | D:2      | Reached XP level 4. HP: 24/24 MP: 13/17
  1989 | D:3      | Noticed Natasha
  1992 | D:3      | Killed Natasha
  2000 | D:3      | Noticed a giant frog
  2003 | D:3      | HP: 1/24 [giant frog (4)]
  2295 | D:3      | Killed a giant frog
  2295 | D:3      | Reached skill level 6 in Spellcasting
  2295 | D:3      | Reached XP level 5. HP: 25/28 MP: 14/20
  2495 | D:2      | Found a blossoming altar of Fedhas.
  2495 | D:2      | Found an opulent altar of Gozag.
  2863 | D:3      | Noticed Natasha
  2866 | D:3      | Killed Natasha
  3208 | D:3      | Noticed Natasha
  3209 | D:3      | Killed Natasha
  3505 | D:5      | Entered Level 5 of the Dungeon
  3505 | D:5      | Found Throed's Assorted Antiques.
  3512 | D:5      | Bought a scroll labeled RYOFRY XAELIO for 22 gold pieces
  3512 | D:5      | Bought a scroll labeled HODETUUTHRAU for 22 gold pieces
  3514 | D:5      | Noticed an ice beast
  3644 | D:5      | Killed an ice beast
  3644 | D:5      | Reached skill level 1 in Fighting
  3644 | D:5      | Reached skill level 7 in Spellcasting
  3644 | D:5      | Reached XP level 6. HP: 32/34 MP: 1/23
  4028 | D:5      | Reached XP level 7. HP: 32/40 MP: 15/25
  4030 | D:5      | Found a sand-covered staircase.
  4067 | D:5      | Reached skill level 8 in Spellcasting
  4069 | Ossuary  | Entered an ossuary
  4480 | Ossuary  | Killed Menkaure
  4827 | D:5      | Bought a golden potion for 19 gold pieces
  4869 | D:7      | Slain by a phantom

Action                   |  1- 3 |  4- 6 |  7- 9 || total
-------------------------+-------+-------+-------++-------
Melee: Short sword       |     7 |    25 |    10 ||    42
 Cast: Magic Dart        |   103 |    91 |    80 ||   274
       Call Imp          |     4 |       |       ||     4
       Repel Missiles    |     1 |     1 |       ||     2
       Mephitic Cloud    |       |     6 |       ||     6
       Conjure Flame     |       |     6 |     8 ||    14
       Blink             |       |     1 |       ||     1
  Use: Potion            |       |     1 |       ||     1
       Scroll            |       |     9 |       ||     9
 Stab: Confused          |       |     1 |       ||     1
  Eat: Chunk             |     3 |     4 |       ||     7
       Bread ration      |       |     1 |       ||     1
